 Dungeon Crawl Stone Soup version 0.19.1-1-g22dce08 (webtiles) character file.

11897 Lahna the Fighter (level 11, -1/123 HPs)
             Began as a Troll Monk on Jan 17, 2017.
             Was a High Priest of Elyvilon.
             Slain by a nine-headed hydra (11 damage)
             ... on level 9 of the Dungeon.
             The game lasted 00:31:10 (9028 turns).

Lahna the Fighter (Troll Monk)                      Turns: 9028, Time: 00:31:10

Health: -1/123     AC: 10    Str: 21    XL:     11   Next: 55%
Magic:  11/13      EV: 13    Int:  6    God:    Elyvilon [*****.]
Gold:   689        SH:  6    Dex: 15    Spells: 0 memorised, 10 levels left

rFire  . . .     SeeInvis +       - Unarmed
rCold  + . .     Gourm    +     I - +2 robe {rC+}
rNeg   + . .     Faith    .     (no shield)
rPois  .         Spirit   .     (helmet restricted)
rElec  .         Reflect  +     c - +2 cloak
rCorr  .         Harm     .     (gloves unavailable)
MR     .....                    (boots unavailable)
Stlth  ++........               P - +6 amulet of reflection
                                H - ring of positive energy
                                t - ring of see invisible

@: protection
A: unfitting armour, claws 3, fast metabolism 3, gourmand, regeneration 1,
shaggy fur 1, tough skin 2
a: Lesser Healing, Heal Other, Purification, Greater Healing, Divine Vigour,
Divine Protection, Renounce Religion


You were on level 9 of the Dungeon.
You worshipped Elyvilon.
Elyvilon was extremely pleased with you.
You were not hungry.

You visited 2 branches of the dungeon, and saw 12 of its levels.
You also visited: Ossuary.

You collected 689 gold pieces.

Inventory:

Missiles
 N - 8 poisoned javelins
 O - a throwing net (quivered)
Armour
 c - a +2 cloak (worn)
 I - a +2 robe of cold resistance (worn)
 R - +0 mottled dragon scales
Jewellery
 t - a ring of see invisible (left claw)
 y - an uncursed ring of wizardry
 C - an uncursed ring of ice
 H - a ring of positive energy (right claw)
 J - an uncursed ring of ice
 L - an uncursed ring of stealth
 P - a +6 amulet of reflection (around neck)
Wands
 v - a wand of lightning (10/15)
 B - a wand of lightning (5/15)
 T - a wand of slowing (35/48)
Scrolls
 a - a scroll of random uselessness {unknown}
 e - 3 scrolls of enchant weapon
 f - a scroll of enchant armour
 g - a scroll of blinking
 k - 3 scrolls of teleportation
 s - 4 scrolls of amnesia
 x - 5 scrolls of remove curse
 A - a scroll of identify
 G - a scroll of fear
 U - a scroll of recharging {unknown}
Potions
 d - 5 potions of brilliance
 h - 4 potions of cancellation
 i - 4 potions of curing
 j - a potion of ambrosia {unknown}
 l - a potion of resistance {unknown}
 m - a potion of might {unknown}
 n - 2 potions of haste
 r - a potion of invisibility
 u - a potion of berserk rage {unknown}
 w - 3 potions of lignification
 z - a potion of heal wounds {unknown}
 D - a potion of beneficial mutation {unknown}
 F - 2 potions of magic
 K - a potion of flight {unknown}
 M - a potion of degeneration {unknown}
 Q - a potion of agility
Books
 S - a Young Poisoner's Handbook

   Spells                             Type                      Level
   a - Sting                          Conjuration/Poison           1
   b - Mephitic Cloud                 Conjuration/Poison/Air       3
   c - Olgreb's Toxic Radiance        Poison                       4
   d - Alistair's Intoxication        Transmutation/Poison         5
   e - Venom Bolt                     Conjuration/Poison           5
Comestibles
 b - 10 bread rations
 o - 10 fruits
 p - 8 meat rations
 q - 6 beef jerkies


   Skills:
 + Level 11.7 Fighting
 - Level 6.0 Dodging
 - Level 1.0 Stealth
 - Level 10.0 Unarmed Combat
 - Level 4.0 Invocations


You had 10 spell levels left.
You didn't know any spells.

Dungeon Overview and Level Annotations

Branches:
Dungeon (11/15)            Temple (0/1) D:7            Lair (1/6) D:9
    Orc: D:9-12

Altars:
Dithmenos
Elyvilon
Gozag
Xom
The Shining One

Shops:
D:4 *

Annotations:
Lair:1 Harold


Innate Abilities, Weirdness & Mutations

You are too large for most types of armour.
You have claws for hands.
Your metabolism is lightning-fast.
You like to eat raw meat.
Your natural rate of healing is unusually fast.
You are covered in fur. (AC +1)
You have very tough skin. (AC +2)


Message History

The nine-headed hydra bites you!
* * * LOW HITPOINT WARNING * * *
The nine-headed hydra bites you but does no damage.
You block the nine-headed hydra's attack.
The nine-headed hydra bites you.
* * * LOW HITPOINT WARNING * * *
The nine-headed hydra barely misses you. x2
The nine-headed hydra bites you.
* * * LOW HITPOINT WARNING * * *
You beseech Elyvilon to protect your life.
The nine-headed hydra bites you but does no damage.
The nine-headed hydra misses you.
The nine-headed hydra bites you but does no damage.
You block the nine-headed hydra's attack.
The nine-headed hydra barely misses you.
The nine-headed hydra bites you! Elyvilon protects you from harm!
The nine-headed hydra closely misses you.
The nine-headed hydra bites you!
You die...

..........# #.# #.##.##
##..#... ..........#
#.###.##..# #...#.##
..........###.........##
#...#.#
..........##P.....P....#
#.....#
..........#.P..P...P...#
#.#.###
##.######)#P...........###.#.#
#.# #......PPP...P.....#.# #.#
#...PP.####P....####.# ##.#
#..P...#@.#..P..## #.#### ...#
##..P.P#.D#......# #..... ####
#.P..P##'#P.P...###..###
#.........PP............
##..P.P.......#.......## #
#...P.P.P....##..).#.#. #
##P..P.P..P..##......#. #
###......##.###.#..... #
###.#.#.#...........


You could see a nine-headed hydra.

Vanquished Creatures
  The ghost of fatfloppyjuicyveiny the Markscentaur, a novice CeHu (D:10)
  An unseen horror (D:11)
  An ugly thing (D:11)
  A cyclops (D:11)
  A centaur skeleton (D:11)
  A troll (D:11)
  A hornet (D:11)
  Prince Ribbit (D:7)
  4 hippogriffs
  A wyvern (D:10)
  A wraith (D:11)
  8 yaks (D:11)
  2 mottled dragons (D:11)
  3 hungry ghosts
  3 black bears
  5 orc warriors
  3 ice beasts
  4 sky beasts
  The ghost of ErikD the Skirmisher, an amateur MiFi of Cheibriados (D:3)
  3 phantoms
  2 necrophages
  4 ogres
  8 centaurs
  A big kobold (D:10)
  Blork the orc (D:6)
  5 bullfrogs
  A wyvern skeleton (D:9)
  A scorpion (D:6)
  11 killer bees
  3 wights (D:11)
  A howler monkey (D:10)
  6 crimson imps
  6 hounds
  A human zombie (Ossuary)
  A jelly (D:8)
  2 centaur zombies
  3 bullfrog skeletons
  4 orc priests
  12 orc wizards
  A gnoll shaman (D:6)
  Natasha (thrice) (D:2)
  3 iguanas
  7 worker ants
  A killer bee zombie (D:9)
  3 big kobold zombies (Ossuary)
  3 hound zombies
  3 hound skeletons
  2 mummies (Ossuary)
  A worker ant zombie (D:11)
  Robin (D:4)
  A howler monkey zombie (D:4)
  18 gnolls
  14 adders
  2 river rats (D:9)
  A shadow imp (D:10)
  4 oozes
  4 adder skeletons
  A worm (D:2)
  A dart slug (D:3)
  3 leopard geckos
  26 orcs
  12 bats
  3 giant cockroaches
  3 gnoll zombies (Ossuary)
  16 goblins
  9 hobgoblins
  16 jackals
  3 quokkas
  2 ball pythons
  2 frilled lizards
  2 goblin skeletons (D:5)
  4 goblin zombies
  4 hobgoblin zombies
  16 kobolds
  2 orc skeletons (D:5)
  5 orc zombies
  A quokka skeleton (D:6)
  16 rats
  A rat zombie (D:7)
339 creatures vanquished.

Notes
Turn   | Place    | Note
-------+----------+-------------------------------------------
     0 | D:1      | Lahna the Troll Monk began the quest for the Orb.
     0 | D:1      | Reached XP level 1. HP: 22/22 MP: 0/0
   185 | D:1      | Reached XP level 2. HP: 29/29 MP: 1/1
   806 | D:2      | Reached XP level 3. HP: 36/36 MP: 2/2
  1021 | D:2      | Noticed Natasha
  1029 | D:2      | Killed Natasha
  1029 | D:2      | Reached skill level 5 in Unarmed Combat
  1029 | D:2      | Reached XP level 4. HP: 36/44 MP: 3/3
  1250 | D:2      | Noticed Natasha
  1254 | D:2      | Killed Natasha
  1429 | D:3      | Reached XP level 5. HP: 50/50 MP: 4/4
  1802 | D:3      | Noticed ErikD's ghost (amateur MiFi)
  1823 | D:2      | Noticed Natasha
  1833 | D:2      | Killed Natasha
  1833 | D:2      | Reached skill level 3 in Fighting
  2005 | D:4      | Noticed Robin
  2021 | D:4      | Reached XP level 6. HP: 50/61 MP: 5/5
  2028 | D:4      | Killed Robin
  2114 | D:4      | Found Mol Kit's General Store.
  2183 | D:4      | Reached skill level 4 in Fighting
  2338 | D:4      | Reached skill level 5 in Fighting
  2338 | D:4      | Reached XP level 7. HP: 72/72 MP: 6/6
  2455 | D:5      | Entered Level 5 of the Dungeon
  2617 | D:5      | Found a glowing golden altar of the Shining One.
  2774 | D:5      | Found a white marble altar of Elyvilon.
  2809 | D:5      | Became a worshipper of Elyvilon the Healer
  2809 | D:5      | Reached * piety under Elyvilon
  2809 | D:5      | Reached ** piety under Elyvilon
  2908 | D:5      | Reached skill level 1 in Invocations
  3271 | D:3      | Killed ErikD's ghost
  3271 | D:3      | Reached skill level 5 in Dodging
  3271 | D:3      | Reached XP level 8. HP: 66/80 MP: 7/7
  4066 | D:6      | Found a shimmering altar of Xom.
  4133 | D:6      | Noticed Blork the orc
  4149 | D:6      | Killed Blork the orc
  4267 | D:7      | Reached *** piety under Elyvilon
  4346 | D:7      | Noticed Prince Ribbit
  4398 | D:7      | Found a sand-covered staircase.
  4420 | Ossuary  | Entered an ossuary
  4637 | D:7      | Reached XP level 9. HP: 83/88 MP: 11/11
  4679 | D:7      | Found a staircase to the Ecumenical Temple.
  5073 | D:7      | Killed Prince Ribbit
  5115 | D:7      | Reached skill level 6 in Fighting
  5212 | D:8      | Reached **** piety under Elyvilon
  5509 | D:8      | Found a shadowy altar of Dithmenos.
  5629 | D:8      | Found an opulent altar of Gozag.
  5903 | D:9      | Reached skill level 10 in Unarmed Combat
  6045 | D:9      | Found a staircase to the Lair.
  6051 | D:9      | Reached XP level 10. HP: 87/100 MP: 12/12
  6159 | D:9      | Reached skill level 7 in Fighting
  6856 | D:10     | Entered Level 10 of the Dungeon
  6856 | D:10     | Reached ***** piety under Elyvilon
  6929 | D:10     | Reached skill level 8 in Fighting
  7079 | D:10     | Noticed fatfloppyjuicyveiny's ghost (novice CeHu)
  7101 | D:10     | Killed fatfloppyjuicyveiny's ghost
  7101 | D:10     | Reached skill level 9 in Fighting
  7519 | D:11     | Noticed a cyclops
  7734 | D:11     | Noticed a cyan ugly thing
  7774 | D:11     | Killed a cyan ugly thing
  7774 | D:11     | Reached skill level 10 in Fighting
  7774 | D:11     | Reached XP level 11. HP: 34/117 MP: 7/13
  8123 | D:11     | Reached skill level 11 in Fighting
  8707 | D:11     | Noticed an unseen horror
  8727 | D:11     | Killed an unseen horror
  9021 | Lair:1   | Entered Level 1 of the Lair of Beasts
  9021 | Lair:1   | Noticed Harold
  9021 | Lair:1   | Noticed a seven-headed hydra
  9025 | Lair:1   | HP: 3/123 [nine-headed hydra (4)]
  9028 | D:9      | Elyvilon protects you from harm!
  9028 | D:9      | Slain by a nine-headed hydra

Skill      XL: |  1  2  3  4  5  6  7  8  9 10 11 |
---------------+----------------------------------+-----
Unarmed Combat | 4 5 6 7 10 | 10.0
Fighting       | 3 5 6 10 11 | 11.7
Dodging        | 5 6 |  6.0
Invocations    | 1 4 |  4.0
Stealth        | |  1.0

Action                   |  1- 3 |  4- 6 |  7- 9 | 10-12 || total
-------------------------+-------+-------+-------+-------++-------
Melee: Unarmed           |    84 |   161 |   460 |   387 ||  1092
       Punch             |     2 |     2 |    11 |    19 ||    34
Invok: Lesser Healing    |       |       |     1 |       ||     1
       Greater Healing   |       |       |       |     6 ||     6
       Divine Protection |       |       |       |     1 ||     1
  Use: Scroll            |       |     1 |     4 |    15 ||    20
 Stab: Sleeping          |       |     2 |     3 |     1 ||     6
  Eat: Chunk             |    13 |    14 |    41 |    28 ||    96
       Beef jerky        |       |       |     2 |       ||     2
Armor: Robe              |    26 |    59 |   117 |   115 ||   317
       Mottled dragon sc |       |       |       |     2 ||     2
Dodge: Dodged            |    33 |    76 |   267 |   235 ||   611
Block: Other             |       |       |    30 |   102 ||   132
       Reflection        |       |       |       |     2 ||     2
